 Dungeon Crawl Stone Soup version 0.30-a0-364-gf6b3ef1049 (webtiles) character file.

Game seed: 16509706927984218842

3857 Nerdsrcool the Thaumaturge (level 10, -9/64 HPs)
             Began as a Djinni Air Elementalist on Nov 14, 2022.
             Was an Initiate of Makhleb.
             Mangled by a death knight
             ... wielding a +2 broad axe
              (19 damage)
             ... on level 8 of the Dungeon.
             The game lasted 00:48:31 (8676 turns).

Nerdsrcool the Thaumaturge (DjAE)                   Turns: 8676, Time: 00:48:31

Health: -9/64      AC: 19    Str: 17    XL:     10   Next: 41%
Gold:   246        EV: 14    Int: 22    God:    Makhleb [......] SH:  0 Dex: 21

rFire   + + .      SeeInvis .    e - +3 flail (protect)
rCold   x . .      Faith    +    (no shield)
rNeg    . . .      Spirit   .    A - +3 leather armour
rPois   ∞          Reflect  .    B - +0 helmet
rElec   .          Harm     .    (no cloak)
rCorr   .          Rampage  .    y - +0 pair of gloves
Will    +....                    (boots unavailable)
Stlth   +++.......               D - amulet of Cewuju {Faith Contam Int+5 Dex+7}
HPRegen 0.30/turn                O - +6 ring of strength
MPRegen 0.00/turn                I - +4 ring of protection

@: mighty, under a protective aura, flying
A: sickness immunity, fire resistance 2, cold vulnerability 1, float, innate
caster, HP casting, extra vitality 1
a: Renounce Religion


You were on level 8 of the Dungeon.
You worshipped Makhleb.
Makhleb was noncommittal.
You visited 1 branch of the dungeon, and saw 9 of its levels.

You collected 246 gold pieces.

Inventory:

Hand Weapons
 e - a +3 flail of protection (weapon)
 f - a +0 club
 t - a +0 spear
 F - a +2 halberd of venom
 Q - a +5 morningstar
Missiles
 o - 23 poisoned darts
 E - a throwing net
 L - 6 javelins
Armour
 a - a +0 robe
 l - a +0 leather armour
 q - a +0 hat
 y - a +0 pair of gloves (worn)
 A - a +3 leather armour (worn)
 B - a +0 helmet (worn)
Jewellery
 i - a ring of protection from cold
 n - a ring of willpower
 D - the amulet of Cewuju (around neck) {Faith Contam Int+5 Dex+7}
   (You found it on level 6 of the Dungeon)

   [amulet of faith]

   It allows you to gain divine favour quickly.
   Int:       It affects your intelligence (+5).
   Dex:       It affects your dexterity (+7).
   Contam:    It causes magical contamination when unequipped.
 I - a +4 ring of protection (right hand)
 O - a +6 ring of strength (left hand)
 P - a ring of fire
Wands
 x - a wand of charming (4)
 M - a wand of digging (3)
 S - a wand of mindburst (8)
 T - a wand of light (9)
Scrolls
 c - a scroll of blinking
 j - 4 scrolls of immolation
 k - a scroll of amnesia
 m - 2 scrolls of magic mapping
 r - 5 scrolls of vulnerability
 w - 3 scrolls of teleportation
 H - a scroll of noise
 R - a scroll of torment
Potions
 b - 2 potions of magic
 d - a potion of cancellation {unknown}
 g - 4 potions of flight
 h - 3 potions of brilliance
 p - a potion of heal wounds {unknown}
 s - 2 potions of mutation
 u - 3 potions of lignification
 v - 2 potions of might
 z - a potion of ambrosia {unknown}
 C - 2 potions of curing {unknown}
 G - 3 potions of invisibility {unknown}
 K - a potion of berserk rage {unknown}
 N - a potion of haste


   Skills:
 + Level 1.9 Fighting
 + Level 1.8 Maces & Flails
 + Level 0.2 Polearms
 + Level 3.0 Armour
 + Level 4.2 Dodging
 + Level 4.0 Stealth
 + Level 9.9 Spellcasting
 + Level 0.6 Evocations


You had 8 spell levels left.
You knew the following spells:

 Your Spells              Type           Power      Damage    Failure   Level
a - Shock                 Conj/Air       100%       1d9       1%          1
b - Static Discharge      Conj/Air       100%       2-7/arc   1%          2
c - Swiftness             Air            53%        N/A       1%          3
d - Airstrike             Air            26%        2d(4-20)  1%          4
e - Slow                  Hex            100%       N/A       1%          1
f - Poisonous Vapours     Pois/Air       100%       N/A       1%          2
g - Ozocubu's Armour      Ice            53%        N/A       1%          3
h - Petrify               Tmut/Erth      53%        N/A       1%          4
Your spell library was empty.

Dungeon Overview and Level Annotations

Branches:
Dungeon (9/15)             Temple (0/1) D:5             Orc (0/2) D:9
   Lair: D:8-11

Altars:
Dithmenos
Elyvilon
Gozag
Makhleb
Qazlal
Wu Jian
The Shining One

Shops:
D:2 *([

Annotations:
D:4 1 runed translucent door, Crazy Yiuf


Innate Abilities, Weirdness & Mutations

You are immune to sickness and miasma.
You are immune to poison.
Your flesh is very heat resistant. (rF++)
You are vulnerable to cold. (rC-)
You float through the air rather than walking.
You learn spells naturally, not from books.
Your magical power is your life essence.
You have superior vitality. (+4 MHP)


Message History

You are struck by an arc of lightning.
The death knight is struck by an arc of lightning.
The death knight is heavily wounded.
The lightning grounds out.
The wyvern bites you but does no damage.
The death knight hits you but does no damage.
Casting: Static Discharge (safe; 1% risk of failure)
Press: ? - help, Q - select action, (/) - cycle Dir - look around, f - activate The death knight is struck by an arc of lightning.
The death knight is heavily wounded.
The wyvern is struck by an arc of lightning.
You kill the wyvern!
Makhleb accepts your kill.
The death knight is struck by an arc of lightning!
The death knight is severely wounded.
You are struck by an arc of lightning.
The death knight is struck by an arc of lightning.
The death knight is severely wounded.
The lightning grounds out.
The death knight hits you with a +2 broad axe.
Your Armour skill increases to level 3!
You feel very mighty all of a sudden.
The death knight hits you with a +2 broad axe.
* * * LOW HITPOINT WARNING * * *
You sock the death knight!
Your weapon exudes an aura of protection.
The death knight is almost dead.
The death knight barely misses you.
You closely miss the death knight.
The death knight is almost dead.
The death knight invokes the aid of Yredelemnul against you.
Your body is wracked with pain!
* * * LOW HITPOINT WARNING * * *
You hit the death knight.
The death knight is almost dead.
The death knight barely misses you. The death knight completely misses you.
You hit the death knight.
The death knight is almost dead.
The death knight hits you with a +2 broad axe!!
You die...

...##........................##
..............................##
...............##.........[....#
....###........#...............#
....##......................).##
.............).................#
..........l..#...................
..#...#......#...........##......
.###.###.###...p@###.....# ..>...
..#...#..# ##...## #.##.## ...#.
...._...p# #...# #.##.# .#
..#...#..####..##.. .# .
.###.###l#......... .
#...#...........#
.........#.#>##.. ....###..#####
..# ... #...


You could see a death knight.

Vanquished Creatures
  A hornet (D:7)
  Sigmund (D:4)
  A wraith (D:7)
  A wyvern (D:8)
  Eustachio (D:6)
  Menkaure (D:5)
  2 water moccasins
  An ice beast (D:7)
  2 ogres
  A sky beast (D:5)
  3 centaurs
  4 phantoms
  Blork the orc (D:6)
  2 necrophages (D:5)
  2 scorpions
  5 wights (D:7)
  4 howler monkeys (D:7)
  A bullfrog zombie (D:6)
  A centaur zombie (D:6)
  2 gnoll boudas (D:5)
  3 hounds
  4 jellies
  An orc priest (D:7)
  3 orc wizards (D:7)
  9 iguanas
  A killer bee zombie (D:6)
  A howler monkey zombie (D:6)
  13 gnolls
  10 adders
  A shadow imp (D:7)
  5 white imps
  3 ufetubi
  2 worms (D:3)
  4 dart slugs
  22 orcs
  3 bats (D:2)
  4 endoplasms
  2 giant cockroaches
  9 goblins
  4 hobgoblins
  8 jackals
  5 ball pythons
  4 frilled lizards
  5 kobolds
  2 rats
165 creatures vanquished.

Vanquished Creatures (collateral kills)
  A scorpion (D:5)
1 creature vanquished.

Vanquished Creatures (others)
  11 plants (D:1)
11 creatures vanquished.

Grand Total: 177 creatures vanquished

Notes
Turn   | Place    | Note
-------+----------+-------------------------------------------
     0 | D:1      | Nerdsrcool the Djinni Air Elementalist began the quest for
                  | the Orb.
     0 | D:1      | Nerdsrcool set off with the following spells memorised:
                  | Shock, Static Discharge, Swiftness, Airstrike.
     0 | D:1      | Reached XP level 1. HP: 15/15 MP: 0/0
   304 | D:1      | Reached XP level 2. HP: 19/21 MP: 0/0
   892 | D:1      | Found a faded altar of an unknown god.
  1026 | D:2      | Reached skill level 3 in Spellcasting
  1026 | D:2      | Reached XP level 3. HP: 21/25 MP: 0/0
  1026 | D:2      | Learned a level 1 spell: Slow
  1246 | D:2      | Reached XP level 4. HP: 22/31 MP: 0/0
  1340 | D:2      | Found Pium Urch's Weapon Shoppe.
  1408 | D:2      | Found Bootedi's General Store.
  1675 | D:2      | Found Usih's Antique Armour Boutique.
  1774 | D:3      | Found a stormy altar of Qazlal.
  1797 | D:3      | Reached XP level 5. HP: 31/35 MP: 0/0
  1797 | D:3      | Learned a level 2 spell: Poisonous Vapours
  1979 | D:3      | Reached skill level 4 in Spellcasting
  2191 | D:3      | Found an opulent altar of Gozag.
  2699 | D:4      | Found a runed translucent door.
  2700 | D:4      | Noticed Crazy Yiuf
  2917 | D:4      | Reached XP level 6. HP: 30/40 MP: 0/0
  3095 | D:4      | Noticed Sigmund
  3106 | D:4      | Killed Sigmund
  3107 | D:4      | Reached skill level 5 in Spellcasting
  3107 | D:4      | Reached XP level 7. HP: 25/46 MP: 0/0
  3107 | D:4      | Learned a level 3 spell: Ozocubu's Armour
  3270 | D:4      | Reached skill level 1 in Armour
  3462 | D:5      | Entered Level 5 of the Dungeon
  3813 | D:5      | Reached skill level 1 in Fighting
  3824 | D:5      | Reached skill level 6 in Spellcasting
  3824 | D:5      | Reached XP level 8. HP: 7/52 MP: 0/0
  4345 | D:5      | Noticed Menkaure
  4349 | D:5      | Killed Menkaure
  4803 | D:5      | Reached skill level 7 in Spellcasting
  4973 | D:5      | Found a staircase to the Ecumenical Temple.
  5382 | D:5      | Reached XP level 9. HP: 54/57 MP: 0/0
  5382 | D:5      | Learned a level 4 spell: Petrify
  5626 | D:6      | Identified the amulet of Cewuju {Faith Contam Int+5 Dex+7}
  5786 | D:6      | Noticed Eustachio
  5790 | D:6      | Killed Eustachio
  5791 | D:6      | Reached skill level 8 in Spellcasting
  6302 | D:6      | Identified the +0 robe of Meager Joy {Fly rC- Str+7}
  6457 | D:6      | Noticed Blork the orc
  6460 | D:6      | Killed Blork the orc
  6473 | D:6      | Found a glowing golden altar of the Shining One.
  6813 | D:7      | Reached skill level 1 in Maces & Flails
  6813 | D:7      | Reached skill level 9 in Spellcasting
  6837 | D:7      | Found a white marble altar of Elyvilon.
  6972 | D:7      | Noticed a hornet
  6977 | D:7      | Killed a hornet
  6978 | D:7      | Reached XP level 10. HP: 60/64 MP: 0/0
  7056 | D:7      | Found an ornate altar of the Wu Jian Council.
  7675 | D:7      | Found a burning altar of Makhleb.
  7675 | D:7      | Found a shadowy altar of Dithmenos.
  7689 | D:7      | Became a worshipper of Makhleb the Destroyer
  8050 | D:8      | Noticed a death knight
  8088 | D:9      | Found a staircase to the Orcish Mines.
  8676 | D:8      | Mangled by a death knight

Illustrated notes

Levels and vault maps discovered:
D:1:      lemuel_arrival_muddy, layout_basic, dilly_ecumenical_altar_fadedgnrine
D:2:      layout_rooms, serial_shops, shop, shop_statue, shop
D:3:      layout_loops_ring, grunt_qazlal_clouds, lemuel_doored_altar
D:4:      layout_rooms, st_stairs_14, uniq_crazy_yiuf_cottage, uniq_sigmund
D:5:      minmay_opposing_rooms, layout_loops_corners, temple_pool_b,
          uniq_menkaure
D:6:      layout_gridville, mainiacjoe_overflow_paths, serial_undead,
          serial_undead_f, serial_undead_b, serial_undead_e, serial_undead_d,
          uniq_eustachio, uniq_blork_the_orc
D:7:      layout_loops_ring, nzn_wu_jian_council_hall,
          nicolae_overflow_crystal_walls, minitemple
D:8:      layout_cave_pools, vehumet_crystals, minivault_4,
          kennysheep_just_a_vault, uniq_maurice
D:9:      layout_roguey, nicolae_ru_great_annihilating_truth,
          minmay_lair_entry_grove, orc_0_dummy, serial_shops, shop,
          hangedman_decor_slide_cut, uniq_maggie

Skill      XL: |  1  2  3  4  5  6  7  8  9 10 |
---------------+-------------------------------+-----
Spellcasting   | 3 4 5 6 7 9 |  9.9
Stealth        | 2 3 4 |  4.0
Armour         | 1 2 3 |  3.0
Fighting       | 1 |  1.9
Dodging        | 3 4 |  4.2
Maces & Flails | 1 |  1.8
Polearms       | |  0.2
Evocations     | |  0.6

Action                   |  1- 3 |  4- 6 |  7- 9 | 10-12 || total
-------------------------+-------+-------+-------+-------++-------
Melee: Club              |    27 |     1 |       |       ||    28
       Punch             |     1 |       |     1 |       ||     2
       Spear             |       |       |    15 |       ||    15
       Flail             |       |       |    30 |    26 ||    56
 Cast: Shock             |    53 |    98 |    59 |    29 ||   239
       Slow              |       |    10 |     8 |     9 ||    27
       Static Discharge  |       |     3 |    10 |     4 ||    17
       Poisonous Vapours |       |    15 |    46 |     9 ||    70
       Ozocubu's Armour  |       |       |     2 |       ||     2
       Airstrike         |       |       |    58 |    18 ||    76
       Petrify           |       |       |     4 |     6 ||    10
       Swiftness         |       |       |       |     2 ||     2
Evoke: Wand              |       |       |     2 |       ||     2
  Use: Potion            |       |       |     3 |     3 ||     6
       Scroll            |       |       |     7 |     5 ||    12
 Stab: Petrified         |       |       |     6 |     5 ||    11
Armor: Robe              |     1 |     1 |       |       ||     2
       Leather armour    |       |     3 |    40 |    19 ||    62
       Skin              |       |       |     6 |       ||     6
Dodge: Dodged            |     3 |    22 |    76 |    17 ||   118

Table legend: (Time is in decaauts)
 A = Elapsed time spent in this place.
 B = Non-inter-level travel time spent in this place.
 C = Inter-level travel time spent in this place.
 D = Time resting spent in this place.
 E = Time spent auto-exploring this place.
 F = Levels seen in this place.
 G = Mean time per level.
                   A        B        C        D        E       F      G
               +--------+--------+--------+--------+--------+-----+--------+
         Total |   8685 |   8661 |     24 |   1367 |   5627 |   9 |  965.0 |
       Dungeon |   8685 |   8661 |     24 |   1367 |   5627 |   9 |  965.0 |
               +--------+--------+--------+--------+--------+-----+--------+

Top non-repeatable levels by time:
     D:5: 2017 daAuts
     D:6: 1251 daAuts
     D:1: 1125 daAuts
     D:7: 1091 daAuts
     D:3: 925 daAuts
     D:4: 886 daAuts
     D:2: 604 daAuts
     D:9: 532 daAuts
     D:8: 251 daAuts
